 Dungeon Crawl Stone Soup version bcrawl-1.41.1 (webtiles) character file.

Game seed: 2443207091751833952

128252 Grimmash the Sneak (level 5, 32/32 HPs)
             Began as a Skeleton Archaeologist on Apr 18, 2024.
             Quit the game on level 4 of the Dungeon.
             The game lasted 00:03:29 (3370 turns).

Grimmash the Sneak (Skeleton Archaeologist)         Turns: 3370, Time: 00:03:29

Health: 32/32      AC:  8    Str: 18    XL:     5   Next: 45%
Magic:  7/7        EV: 14    Int: 15    God:
Gold:   202        SH:  0    Dex: 11    Spells: 7/7 levels left

rFire    . . .     GDR:     25% a - +0 mace
rCold    + + .     SeeInvis .   (no shield)
rNeg     + + +     Gourm    .   m - +0 ring mail
rPois    ∞         Faith    .   d - +1 hat
rElec    .         Spirit   +   (no cloak)
rCorr    .         Reflect  .   (no gloves)
MR       +....                  e - +1 pair of boots
Stlth    +++.......             (no amulet)
HPRegen  0.15/turn              j - +4 ring of dexterity
MPRegen  0.10/turn              h - ring of Hiuddiev {rC+ MR+ EV+2 Int+2 Stlth+}

@: no status effects
A: no food or potions, cold resistance 1, deterioration 1, negative energy
resistance 3, torment resistance, unbreathing, magic shield, sturdy frame 1,
spell healing
a: no special abilities


You were on level 4 of the Dungeon.
You were not hungry.

You visited 1 branch of the dungeon, and saw 4 of its levels.

You collected 202 gold pieces.

Inventory:

Hand Weapons
 a - a +0 mace (weapon)
 b - a +0 blowgun
Missiles
 c - 123 poisoned tomahawks (quivered)
 f - 6 curare-tipped needles
 n - a throwing net {=f}
 o - 9 poisoned needles
Armour
 d - a +1 hat (worn)
 e - a +1 pair of boots (worn)
 m - a +0 ring mail (worn)
 r - a +0 pair of gloves
Jewellery
 h - the ring of Hiuddiev (right hand) {rC+ MR+ EV+2 Int+2 Stlth+}
   (You acquired it on level 3 of the Dungeon)

   [ring of evasion]

   It affects your evasion (+2).
   It affects your intelligence (+2).
   It protects you from cold.
   It affects your resistance to hostile enchantments.
   It makes you more stealthy.
 j - a +4 ring of dexterity (left hand)
Scrolls
 g - 2 scrolls of revelation
 i - 3 scrolls of identify
 k - a scroll of teleportation {unknown}
 l - 3 scrolls of amnesia {unknown}
 p - a scroll of enchant weapon {unknown}
 q - a scroll of remove curse {unknown}


   Skills:
 * Level 2.8 Fighting
 * Level 2.8 Maces & Flails
 * Level 2.1 Armour
 * Level 3.9 Dodging
 + Level 3.9 Stealth
 * Level 1.9 Spellcasting


You had 7 spell levels left.
You didn't know any spells.
Your spell library was empty.

Dungeon Overview and Level Annotations

Branches:
Dungeon (4/12)
 Temple: D:4-7

Altars:
Dithmenos
Wu Jian
Xom

Annotations:
D:3 exclusion: 2 doors


Innate Abilities, Weirdness & Mutations

You do not eat or drink.
You are immune to poison.
Your flesh is cold resistant. (rC+)
Your body sometimes deteriorates upon taking damage.
You are immune to negative energy. (rN+++)
You are immune to unholy pain and torment.
You can survive without breathing.
When hurt, damage is shared between your health and your magic reserves.
Your movements are slightly less encumbered by armour. (ER -2)
Casting spells heals you.


Message History

A bullfrog skeleton is nearby!
You are too injured to fight recklessly!
No path to travel!
A bullfrog skeleton is nearby!
You are too injured to fight recklessly!
No path to travel!
You are too injured to fight recklessly!
You barely miss the bullfrog skeleton.
The bullfrog skeleton is almost destroyed.
The bullfrog skeleton barely misses you.
The bullfrog skeleton hits you.
You hit the bullfrog skeleton.
You destroy the bullfrog skeleton!
No path to travel!
You start resting.
Magic restored.
HP restored.
You start resting.
HP restored.
Are you sure you want to abandon this character and quit the game? (Confirm with "yes".)

##.......##. #......#
#.........#. #......#
#.........#. #......#
#.........#. #......#
#.........#. #......#
#.........#. #......+
#.........#.
#......###+#.........##
#@.....?.######...
#........# ...
#........# ..
#........# +........#
#........# #........#
#........#


There were no monsters in sight!

Vanquished Creatures
  A crimson imp (D:3)
  A bullfrog skeleton (D:4)
  An orc wizard (D:3)
  A worker ant (D:3)
  2 adders (D:3)
  2 oozes
  5 worms
  A leopard gecko (D:2)
  A giant cockroach (D:2)
  5 goblins
  8 hobgoblins
  4 jackals (D:3)
  5 kobolds
  4 bats
  3 frilled lizards
  4 rats
48 creatures vanquished.

Notes
Turn   | Place    | Note
-------+----------+-------------------------------------------
     0 | D:1      | Grimmash the Skeleton Archaeologist began the quest for the
                  | Orb.
     0 | D:1      | Reached XP level 1. HP: 12/12 MP: 1/1
   534 | D:1      | Reached XP level 2. HP: 13/16 MP: 2/2
  1498 | D:2      | Reached XP level 3. HP: 20/20 MP: 3/3
  1630 | D:2      | Found an ornate altar of the Wu Jian Council.
  1634 | D:2      | Found a shadowy altar of Dithmenos.
  1760 | D:2      | Reached skill level 1 in Spellcasting
  1798 | D:2      | Reached skill level 1 in Armour
  2036 | D:2      | Found an ornate altar of the Wu Jian Council.
  2040 | D:2      | Found a shadowy altar of Dithmenos.
  2723 | D:3      | Reached XP level 4. HP: 18/25 MP: 4/6
  2905 | D:3      | Found a shimmering altar of Xom.
  3048 | D:3      | Reached XP level 5. HP: 30/31 MP: 7/7
  3048 | D:3      | Identified a scroll of acquirement
  3048 | D:3      | Identified the +6 hunting sling "Hapneora" {venom, MR++
                  | Str+4} (You acquired it on level 3 of the Dungeon)
  3048 | D:3      | Identified the ring of Hiuddiev {rC+ MR+ EV+2 Int+2 Stlth+}
                  | (You acquired it on level 3 of the Dungeon)
  3048 | D:3      | Identified the Grimoire of Scorching Execration (You
                  | acquired it on level 3 of the Dungeon)
  3370 | D:4      | Quit the game

Skill      XL: |  1  2  3  4 |
---------------+-------------+-----
Maces & Flails | 2 |  2.8
Spellcasting   | 1 |  1.9
Armour         | 1 2 |  2.1
Fighting       | 2 |  2.8
Dodging        | |  3.9
Stealth        | |  3.9

Action                   |  1- 3 |  4- 6 || total
-------------------------+-------+-------++-------
Melee: Whip              |    77 |       ||    77
       Mace              |    85 |    46 ||   131
 Fire: Blowgun           |     9 |     3 ||    12
Throw: Tomahawk          |     3 |       ||     3
  Use: Scroll            |     1 |     1 ||     2
 Stab: Sleeping          |     6 |       ||     6
Armor: Robe              |    44 |       ||    44
       Ring mail         |    30 |    29 ||    59
Dodge: Dodged            |   117 |    30 ||   147
